woodfighter, neutral female human Wizard ------ ----- |....| |...| |.``.----...| |.`.......f.| |..--->---@u| |---------.--- |...^^<|.....| |(.----|.....| --.| |.....| |.-----.....| |...........| |..---------- ---- woodfighter the Thaumaturge Experience level: 7 Strength: 12 Dexterity: 11 Constitution: 15 Intelligence: 18 Wisdom: 15 Charisma: 8 Health: 0(47) Energy: 91(98) Def: 0 Gold: 0 Moves: 4595 Dungeon seed: 65zaWvahutWntDJ7 Game ID: woodfighter_1448359967 Your Inventory: Weapons a - a blessed +1 quarterstaff (weapon in hands) Armor e - an uncursed rotted +0 cloak of magic resistance (being worn) Comestibles h - an uncursed tripe ration i - 5 uncursed food rations l - an uncursed sprig of wolfsbane M - an uncursed lizard corpse O - 2 uncursed carrots Tools m - an uncursed lock pick s - a +0 pick-axe J - an uncursed brass lantern (0:1292) L - an uncursed blindfold Spells and supernatural/magical abilities: Name Level Category Fail Memory a - force bolt 1 attack 0% 78% l - light 1 divination 0% 78% W - pray for help -- divine ? -- Your skills at the end: Miscellaneous Skills wands [Basic] Weapon Skills quarterstaff [Basic] Spellcasting Skills attack spells [Basic] enchantment spells [Basic] Final Attributes: You were fervently aligned. You were magic-protected. You were telepathic. You are dead. Vanquished creatures: a python 2 winter wolf cubs a lynx a lizard a brown pudding a jaguar a blue jelly an ape 3 wood nymphs 11 Uruk-hai a rock piercer a pony 2 yellow lights 2 violet fungi a red naga hatchling a guardian naga hatchling 2 ghouls a floating eye a kitten 3 dwarves a homunculus 2 iguanas 2 giant bats a monkey a wererat a werejackal 4 killer bees 3 coyotes a gas spore a hobbit a large kobold 5 geckos 2 brown molds a yellow mold 2 manes 7 jackals 9 newts 3 goblins a sewer rat 3 grid bugs 2 bats 2 lichens 3 kobold zombies 96 creatures vanquished. Voluntary challenges: You did not adorn yourself with jewelry or accessories. You were an atheist. You used a wielded weapon 25 times, starting on turn 240. You did not use tools. You read items or engraved 1 time, starting on turn 3485. You never genocided any monsters. You never polymorphed an object. You never changed form. You used no wishes. You never split a pudding. You never wrote Elbereth's name. You violated your moral code, losing 2 points of alignment, starting on turn 3828. Dungeon overview: The Dungeons of Doom: levels 1 to 10 Level 1 a fountain a long staircase Level 2 some fountains Level 3 a general store, a fountain, a sink Level 4 stairs to The Gnomish Mines Level 5 a fountain Level 6 some fountains Level 7 a fountain Level 8 Level 9 many fountains Level 10 stairs to Sokoban The Gnomish Mines: Level 5 stairs to The Dungeons of Doom Sokoban: Level 9 <- You were here a magic chest stairs to The Dungeons of Doom History has recorded: On T:1 you entered the Dungeons of Doom to retrieve the Amulet of Yendor! On T:211 you reached level 2 of The Dungeons of Doom. On T:667 you advanced to experience level 2. On T:870 you reached level 3 of The Dungeons of Doom. On T:1179 you advanced to experience level 3. On T:1233 you reached level 4 of The Dungeons of Doom. On T:1711 you reached level 5 of The Dungeons of Doom. On T:1802 you advanced to experience level 4. On T:1855 you reached level 1 of The Gnomish Mines. On T:2125 you reached level 6 of The Dungeons of Doom. On T:2560 you reached level 7 of The Dungeons of Doom. On T:2760 you advanced to experience level 5. On T:3038 you reached level 8 of The Dungeons of Doom. On T:3540 you reached level 9 of The Dungeons of Doom. On T:3645 you advanced to experience level 6. On T:3744 you reached level 10 of The Dungeons of Doom. On T:3828 you advanced to experience level 7. On T:4301 you reached level 4 of Sokoban. On T:4510 you opened a magic chest. Score breakdown: Gold: 0 ( 0 points) Experience: 7 levels ( 600 points) Exploration: 10 levels ( 270 points) Discoveries: 0 items ( 0 points) Variety of kills: 43 monsters ( 2000 points) Major goal: (nothing yet) ( 0 points) Survival: died (score multiplied by 3) Total score: 8610 Latest messages: You put a scroll labeled DUAM XNAHT into the magic chest. You put 2 scrolls called earth into the magic chest. You put a wrinkled spellbook into the magic chest. You put a blessed spellbook of force bolt into the magic chest. You put a spellbook of force bolt into the magic chest. You put an uncursed spellbook of light into the magic chest. You put a red spellbook into the magic chest. You put a clear potion into the magic chest. You put a pink potion into the magic chest. You put a dark potion into the magic chest. You put a purple-red potion into the magic chest. You put a brilliant blue potion into the magic chest. You put 2 dark potions into the magic chest. You put a brown potion into the magic chest. You put a wooden ring into the magic chest. You put a ruby ring into the magic chest. You put a topaz ring into the magic chest. You put an iron wand into the magic chest. You put a wand of nothing (0:4) into the magic chest. You put a long wand into the magic chest. (2x) The spell misses the white unicorn. The white unicorn butts! The white unicorn kicks! The white unicorn butts! You die... Final status: Goodbye woodfighter the Wizard, killed by a white unicorn... You died in Sokoban on dungeon level 9 with 8610 points, and 0 pieces of gold, after 4595 moves. You were level 7 with a maximum of 47 hit points when you died.